Map: [ESL] Moondance

Players

Creature - Winner!

  • Race: Protoss Protoss
  • Spawn Location: 6:00

PiLiPiLi

  • Race: Protoss Protoss
  • Spawn Location: 12:00

Event: DreamHack SC2 Masters 2022 Atlanta (Online)

VOD

Have the link to the VOD?

Description

Time

  • Played on: Oct. 7, 2022, 3:19 p.m.
  • Length: 17:51

All games in this series

Show
View Real Time Build Order
Export as new Build Order

Creature Protoss - Winner!

Build Orders: Oracle Opening 

Get SALT Encoding   

  12  0:00  Probe  
  13  0:12  Probe  
  14  0:16  Pylon  
  14  0:24  Probe  
  15  0:35  Gateway  
  15  0:37  Probe (Chrono Boost)  
  16  0:46  Probe (Chrono Boost), Assimilator  
  17  0:51  Probe (Chrono Boost)  
  18  0:57  Assimilator  
  18  1:03  Probe (Chrono Boost)  
  19  1:10  Gateway  
  19  1:13  Probe (Chrono Boost)  
  19  1:17  Probe (Chrono Boost)  
  20  1:24  Cybernetics Core  
  21  1:29  Probe  
  22  1:34  Pylon  
  22  1:41  Probe  
  23  1:53  Probe  
  24  2:00  Stalker x2  
  28  2:02  Warp Gate  
  28  2:13  Pylon  
  28  2:29  Pylon  
  28  2:37  Stargate  
  28  2:39  Stalker  
  28  2:43  Stalker  
  32  3:06  Nexus  
  32  3:13  Probe  
  32  3:18  Oracle (Chrono Boost)  
  33  3:22  Shield Battery  
  36  3:31  Shield Battery, Probe  
  37  3:38  Pylon  
  33  3:50  Stalker  
  33  3:51  Probe  
  33  3:55  Stalker  
  34  4:05  Oracle  
  34  4:08  Probe  
  38  4:23  Probe (Chrono Boost)  
  40  4:24  Probe (Chrono Boost)  
  40  4:33  Probe (Chrono Boost)  
  40  4:35  Robotics Facility  
  40  4:37  Probe (Chrono Boost)  
  42  4:41  Probe (Chrono Boost)  
  42  4:44  Probe  
  43  4:50  Stalker  
  46  4:55  Probe (Chrono Boost)  
  47  5:01  Stalker  
  50  5:09  Probe (Chrono Boost)  
  50  5:11  Probe (Chrono Boost)  
  49  5:16  Probe (Chrono Boost)  
  49  5:17  Probe (Chrono Boost)  
  50  5:23  Observer (Chrono Boost)  
  50  5:25  Forge  
  50  5:27  Probe  
  50  5:28  Sentry  
  54  5:30  Assimilator  
  54  5:32  Probe  
  54  5:33  Assimilator, Pylon  
  55  5:37  Stalker  
  55  5:39  Probe  
  58  5:44  Probe  
  56  5:51  Probe  
  56  5:53  Immortal  
  56  5:56  Probe  
  62  6:03  Probe  
  63  6:13  Probe  
  63  6:16  Protoss Ground Weapons Level 1 (Chrono Boost)  
  64  6:27  Twilight Council  
  64  6:29  Probe  
  64  6:30  Probe  
  66  6:34  Gateway  
  66  6:41  Immortal (Chrono Boost)  
  66  6:44  Nexus  
  66  6:45  Pylon  
  70  6:47  Pylon  
  70  7:02  Pylon  
  70  7:03  Probe x2  
  70  7:04  Blink  
  70  7:06  Stalker  
  76  7:15  Probe  
  76  7:19  Probe  
  76  7:20  Photon Cannon  
  76  7:29  Gateway x2  
  77  7:30  Probe (Chrono Boost), Gateway  
  77  7:33  Shield Battery  
  77  7:34  Photon Cannon  
  77  7:37  Probe (Chrono Boost)  
  77  7:42  Probe (Chrono Boost)  
  79  7:45  Templar Archives  
  79  7:47  Probe (Chrono Boost)  
  79  7:48  Probe (Chrono Boost)  
  81  7:52  Probe (Chrono Boost)  
  81  7:56  Probe  
  81  7:57  Gateway  
  83  7:58  Gateway  
  83  8:00  Probe  
  84  8:11  Stalker x3  
  90  8:14  Pylon  
  90  8:17  Shield Battery  
  90  8:28  Zealot x3  
  96  8:39  Stalker, High Templar x2  
  96  8:40  Probe  
  97  8:46  Archon  
  97  8:49  Stalker x2  
  97  8:50  Stalker  
  97  8:51  Probe  
  97  8:52  Stalker x2  
  108  8:55  Pylon  
  108  8:57  Pylon  
  106  9:07  Stalker  
  103  9:11  Probe  
  103  9:12  Stalker x2  
  103  9:13  Stalker x3  
  110  9:20  Protoss Ground Weapons Level 2 (Chrono Boost)  
  102  9:24  Charge (Chrono Boost), Stalker  
  102  9:25  Probe  
  101  9:36  Probe  
  99  9:41  Probe  
  99  9:42  Probe  
  99  9:44  Assimilator x2  
  101  9:49  Observer (Chrono Boost)  
  101  9:51  Zealot x2  
  101  9:52  Zealot x2  
  110  9:53  Nexus  
  110  9:55  Pylon  
  110  10:00  Probe  
  110  10:03  Warp Prism, Pylon  
  113  10:07  Pylon  
  113  10:10  Gateway  
  113  10:13  Gateway  
  113  10:16  High Templar  
  113  10:17  High Templar x2  
  113  10:18  High Templar  
  113  10:20  Zealot, Sentry  
  125  10:23  Archon x2  
  125  10:27  Probe  
  126  10:31  Probe  
  127  10:36  Shield Battery  
  127  10:38  Photon Cannon  
  127  10:40  Observer, Gateway  
  127  10:41  Pylon  
  128  10:46  Zealot x3  
  134  10:50  Probe  
  134  10:52  Pylon  
  134  10:55  High Templar x2  
  134  10:56  High Templar  
  134  10:57  High Templar  
  143  10:59  Archon  
  143  11:00  Archon  
  143  11:19  Photon Cannon, Pylon  
  143  11:20  Zealot  
  143  11:21  Zealot x2  
  140  11:35  Probe  
  140  11:36  Zealot x4  
  145  11:40  Zealot x4  
  151  11:48  High Templar x2  
  151  11:49  Probe x2  
  151  11:53  Archon  
  157  11:55  Probe  
  157  11:57  Probe  
  157  12:01  Probe  
  158  12:04  Probe  
  158  12:05  Stalker x2  
  158  12:06  Stalker  
  165  12:10  Stalker x3  
  165  12:11  Probe  
  165  12:14  Probe  
  169  12:24  Zealot x4  
  169  12:25  Probe  
  169  12:29  Zealot x3  
  184  12:44  Nexus  
  177  13:09  Nexus  
  134  13:33  Nexus  
  126  13:34  Pylon  
  126  13:35  Pylon  
  117  13:44  Probe  
  102  13:56  Probe  
  102  13:58  Shield Battery, Photon Cannon  
  102  13:59  Photon Cannon x2  
  102  14:00  Photon Cannon, Gateway  
  102  14:01  Gateway  
  102  14:02  Cybernetics Core  
  103  14:13  Shield Battery  
  103  14:14  Pylon  
  103  14:22  Probe  
  88  15:09  Pylon  
  88  15:10  Pylon  
  88  15:11  Pylon  
  88  15:13  Pylon  
  88  15:18  Templar Archives  
  88  15:26  Pylon  
  88  15:28  Probe x2  
  89  15:30  Zealot x2  
  94  15:40  Probe  
  41  16:02  High Templar x2  
  30  16:07  Archon  
  30  16:15  Probe  
  31  16:27  Zealot x2  
  35  16:36  Probe  
  36  16:41  Probe  
  37  16:50  High Templar x2  
  37  16:54  Probe  
  42  16:57  Archon  
  42  17:05  Pylon  
  42  17:06  Probe  
  43  17:12  High Templar  
  45  17:17  High Templar  
  45  17:18  Probe  
  45  17:22  Archon, Pylon  
  44  17:30  Zealot  
  46  17:40  Zealot x4  
Show
View Real Time Build Order
Export as new Build Order

PiLiPiLi Protoss 

Build Orders: Oracle Opening, Phoenix Opening, Zealot Archon 

Get SALT Encoding   

  12  0:00  Probe  
  13  0:12  Probe  
  14  0:17  Pylon  
  14  0:24  Probe (Chrono Boost)  
  15  0:36  Probe (Chrono Boost)  
  15  0:39  Gateway  
  16  0:44  Probe (Chrono Boost)  
  16  0:46  Assimilator  
  17  0:51  Probe  
  18  1:01  Assimilator  
  18  1:03  Probe (Chrono Boost)  
  19  1:07  Gateway  
  19  1:15  Probe (Chrono Boost)  
  20  1:22  Probe (Chrono Boost)  
  21  1:28  Cybernetics Core  
  21  1:29  Probe  
  22  1:38  Pylon  
  22  1:41  Probe  
  23  1:56  Probe  
  24  2:04  Stalker x2  
  24  2:05  Warp Gate  
  28  2:09  Probe  
  29  2:20  Pylon  
  29  2:26  Stargate  
  28  2:39  Stalker  
  28  2:41  Stalker  
  32  2:46  Probe  
  33  3:14  Oracle (Chrono Boost)  
  33  3:18  Nexus  
  36  3:22  Probe  
  37  3:36  Twilight Council  
  35  3:51  Phoenix (Chrono Boost)  
  35  3:54  Probe  
  34  3:55  Shield Battery  
  34  3:56  Pylon  
  32  4:06  Probe  
  32  4:07  Stalker  
  35  4:18  Probe  
  36  4:26  Dark Shrine  
  36  4:27  Gateway  
  36  4:31  Probe  
  37  4:33  Probe  
  38  4:42  Stalker  
  38  4:43  Probe  
  38  4:45  Probe  
  42  4:51  Shield Battery  
  42  4:53  Blink (Chrono Boost)  
  42  4:57  Probe  
  43  5:00  Probe  
  44  5:09  Probe  
  45  5:16  Probe  
  45  5:20  Stalker x2  
  50  5:22  Assimilator  
  50  5:23  Probe  
  50  5:27  Pylon  
  52  5:28  Probe  
  52  5:35  Probe  
  53  5:41  Probe  
  52  5:47  Dark Templar, Probe  
  54  5:53  Probe  
  54  5:56  Gateway  
  55  5:59  Probe  
  56  6:05  Probe  
  57  6:11  Probe  
  57  6:17  Probe  
  57  6:20  Robotics Facility  
  57  6:22  Nexus  
  57  6:23  Probe  
  57  6:25  Charge (Chrono Boost)  
  58  6:29  Probe, Stalker, Pylon  
  58  6:31  Stalker  
  63  6:35  Probe  
  63  6:39  Pylon  
  64  6:42  Probe  
  64  6:43  Gateway  
  65  6:48  Probe  
  65  6:54  Probe  
  67  6:57  Gateway  
  67  6:59  Gateway  
  67  7:00  Probe  
  68  7:01  Pylon  
  68  7:06  Probe  
  69  7:12  Probe  
  69  7:15  Stalker x3  
  76  7:18  Observer (Chrono Boost)  
  76  7:21  Probe  
  78  7:30  Probe  
  78  7:31  Warp Prism (Chrono Boost)  
  78  7:32  Gateway  
  81  7:37  Sentry  
  81  7:39  Dark Templar x2  
  87  7:45  Archon  
  87  7:49  Probe x2  
  87  7:50  Probe  
  90  7:52  Pylon  
  90  7:54  Pylon  
  90  7:55  Pylon  
  90  7:56  Zealot x2  
  94  8:01  Warp Prism (Chrono Boost)  
  96  8:24  Zealot x7  
  110  8:37  Immortal (Chrono Boost)  
  110  8:38  Stalker  
  116  8:44  Assimilator  
  116  8:45  Zealot  
  116  8:46  Zealot, Gateway, Assimilator, Forge  
  116  8:50  Pylon  
  113  8:57  Zealot  
  113  8:58  Zealot x3  
  117  9:06  Zealot  
  117  9:07  Zealot x2  
  105  9:14  Immortal (Chrono Boost)  
  105  9:15  Zealot  
  101  9:21  Zealot  
  101  9:22  Zealot x3  
  89  9:32  Protoss Ground Weapons Level 1 (Chrono Boost)  
  89  9:35  Stalker x4  
  89  9:48  Dark Templar  
  89  9:49  Dark Templar  
  89  9:50  Shield Battery  
  93  9:56  Dark Templar x2  
  93  9:58  Archon  
  97  10:00  Archon, Warp Prism (Chrono Boost)  
  99  10:07  Robotics Bay  
  99  10:09  Assimilator  
  99  10:12  Photon Cannon  
  99  10:14  Photon Cannon  
  99  10:25  Zealot x4  
  107  10:36  Robotics Facility  
  107  10:41  Photon Cannon  
  107  10:43  Observer (Chrono Boost)  
  107  10:47  Shield Battery  
  107  10:48  Dark Templar x2  
  112  10:52  Archon  
  112  10:54  Dark Templar x2  
  112  10:55  Zealot  
  112  10:56  Zealot  
  120  11:00  Disruptor (Chrono Boost)  
  123  11:08  Zealot x3  
  127  11:27  Disruptor (Chrono Boost)  
  130  11:35  Zealot x6  
  141  11:41  Disruptor (Chrono Boost)  
  141  11:45  Zealot  
  140  11:56  Pylon  
  140  12:02  Shield Battery, Pylon  
  140  12:03  Disruptor (Chrono Boost)  
  141  12:14  Disruptor (Chrono Boost)  
  144  12:17  Pylon  
  144  12:19  Pylon  
  144  12:21  Stalker x4  
  152  12:31  Disruptor (Chrono Boost)  
  155  12:37  Stalker x4  
  163  12:52  Zealot x5  
  171  13:01  Disruptor  
  171  13:05  Photon Cannon  
  112  13:42  Nexus  
  112  13:45  Pylon  
  94  14:24  Observer  
  90  14:40  Nexus  
  90  14:42  Observer  
  90  14:55  Pylon  
  46  16:15  Observer  
  39  16:41  Pylon  
  39  16:56  Observer  
Tags
 
Add a new tag
Caveats
  • Supply blocks, unpowered buildings, or Contaminate may cause inaccurate times.
  • Supply counts are checked every 10 seconds.